 Dungeon Crawl Stone Soup version 0.30-a0-218-gedb9141078 (webtiles) character file.

Game seed: 15248693007783419769

6956 lunkers the Martial Artist (level 11, -7/106 HPs)
             Began as a Meteoran Transmuter on Oct 6, 2022.
             Was an Initiate of Gozag.
             Mangled by a boulder beetle (21 damage)
             ... on level 2 of the Orcish Mines.
             The game lasted 00:14:21 (4777 turns).

lunkers the Martial Artist (Meteoran Transmuter)    Turns: 4777, Time: 00:14:21

Health: -7/106     AC: 10    Str: 12    XL:     11   Next: 52%
Magic:  10/16      EV: 13    Int: 21    God:    Gozag
Gold:   889        SH:  0    Dex: 19    Spells: 2/15 levels left

rFire   x . .      SeeInvis .      - Unarmed
rCold   + + +      Faith    .    (shield currently unavailable)
rNeg    + . .      Spirit   .    (body armour currently unavailable)
rPois   +          Reflect  .    (helmet currently unavailable)
rElec   .          Harm     .    (cloak currently unavailable)
rCorr   +          Rampage  .    (gloves currently unavailable)
Will    +....                    (boots currently unavailable)
Stlth   +.........               (no amulet)
HPRegen 0.37/turn                G - ring "Teod" {rN+ Int+3 Dex+3}
MPRegen 0.15/turn                m - ring of resist corrosion

@: ice-form, wereblooded, hasted, glowing, very quick
A: freezing attack, amphibious, boosted hp, large, sense surroundings 2,
otherworldly, glowing, explore regen
a: End Transformation, Renounce Religion, Potion Petition, Call Merchant, Bribe
Branch


You were on level 2 of the Orcish Mines.
You worshipped Gozag.
Gozag was pleased with you.
You were a creature of crystalline ice.
You visited 3 branches of the dungeon, and saw 12 of its levels.

You collected 1052 gold pieces.
You paid 163 gold pieces to Gozag.

Inventory:

Missiles
 w - 5 atropa-tipped darts
 x - 26 poisoned darts
 F - 2 throwing nets
Armour
 a - a +0 robe
 f - a +1 helmet (melded)
 i - a +0 cloak (melded)
 t - a +0 pair of boots (melded)
 u - a +0 kite shield
 D - +0 steam dragon scales (melded)
 O - a +2 kite shield
Magical Staves
 p - a staff of death
 L - a staff of cold (melded)
Jewellery
 l - a ring of ice
 m - a ring of resist corrosion (right front paw)
 v - a ring of positive energy
 A - a ring of flight
 C - a ring of protection from cold
 G - the ring "Teod" (left front paw) {rN+ Int+3 Dex+3}
   (You found it on level 7 of the Dungeon)

   [ring of positive energy]

   Int:       It affects your intelligence (+3).
   Dex:       It affects your dexterity (+3).
   rN:        It protects you from negative energy.
Wands
 s - a wand of paralysis (19)
 y - a wand of flame (31)
 z - a wand of quicksilver (9)
Scrolls
 d - a scroll of vulnerability
 g - a scroll of fear
 n - a scroll of teleportation
 q - a scroll of amnesia
Potions
 b - a potion of invisibility
 e - 4 potions of curing
 h - a potion of brilliance
 j - 2 potions of resistance
 k - a potion of ambrosia
 o - 2 potions of mutation
 H - a potion of flight
Miscellaneous
 N - a tin of tremorstones (2/2)


   Skills:
 + Level 5.8 Fighting
 + Level 6.7 Dodging
 + Level 12.6 Unarmed Combat
 - Level 2.6 Spellcasting
 + Level 12.3 Transmutations
 * Level 4.4 Air Magic


You had 2 spell levels left.
You knew the following spells:

 Your Spells              Type           Power      Damage    Failure   Level
b - Wereblood             Tmut           53%        N/A       1%          2
c - Storm Form            Tmut/Air       19%        N/A       98%         7
d - Ice Form              Ice/Tmut       28%        N/A       11%         4

Your spell library contained the following spells:

 Spells                   Type           Power      Damage    Failure   Level
 Beastly Appendage        Tmut           100%       N/A       1%          1
 Kiss of Death            Conj/Necr      8%         2d6       14%         1
 Magic Dart               Conj           8%         1d3       14%         1
 Blink                    Tloc           4%         N/A       21%         2
 Call Imp                 Summ           2%         N/A       21%         2
 Momentum Strike          Conj/Tloc      4%         3d8       21%         2
 Spider Form              Tmut/Pois      28%        N/A       3%          3
 Mephitic Cloud           Conj/Pois/Air  9%         N/A       22%         3
 Confusing Touch          Hex            2%         N/A       38%         3
 Frozen Ramparts          Ice            4%         1d1       38%         3
 Lesser Beckoning         Tloc           4%         N/A       38%         3
 Summon Lightning Spire   Summ/Air       12%        N/A       50%         4
 Dispel Undead            Necr           2%         3d7       80%         4
 Summon Ice Beast         Ice/Summ       2%         N/A       80%         4
 Maxwell's Capacitive Co  Air            10%        ∞         100%        8


Dungeon Overview and Level Annotations

Branches:
Dungeon (9/15) Zot: 925    Temple (1/1) D:6 Zot: 532     Orc (2/2) D:9 Zot: 1051
    Elf (0/3) Orc:2
   Lair: D:8-11

Altars:
Ashenzari
Elyvilon
Fedhas
Gozag
Hepliaklqana
Kikubaaqudgha
Makhleb
Okawaru
Qazlal
Ru
Sif Muna
Trog
Uskayaw
Vehumet
Wu Jian
Xom
Yredelemnul
Zin
The Shining One

Shops:
D:3 =


Innate Abilities, Weirdness & Mutations

You are a creature of crystalline ice.
You have a powerful freezing melee attack.
You are amphibious.
Your maximum health is increased.
Your armour is entirely melded.
You are incapable of wielding weapons or throwing items.
You passively map the area around you.
You are easily found by Zot.
You glow in the dark.
You regain HP and MP as you explore.


Message History

Your +0 cloak unmelds from your body.
Your +1 helmet unmelds from your body.
Your +0 pair of boots unmelds from your body.
Your +0 steam dragon scales unmelds from your body.
You howl as the wereblood boils in your veins!
Your primal bloodlust has ended.
Okay, then.
Things that are here:
a +0 long sword; a +0 chain mail
There is a stone staircase leading down here.
Casting: Wereblood (safe; 1% risk of failure)
Confirm with . or Enter, or press ? or * to list all spells.
You feel a surge of power!
You turn into a creature of crystalline ice.
Your staff of cold melds into your body.
Your +0 cloak melds into your body.
Your +1 helmet melds into your body.
Your +0 pair of boots melds into your body.
Your +0 steam dragon scales melds into your body.
Casting: Ice Form (dangerous; 11% risk of failure)
Confirm with . or Enter, or press ? or * to list all spells.
Your blood is infused with primal strength.
You climb downwards.
The orc priest invokes the aid of Beogh against you.
Beogh smites you!
* * * LOW HITPOINT WARNING * * *
The orc hits you with a +0 hand axe.
* * * LOW HITPOINT WARNING * * *
The boulder beetle bites you but does no damage.
The orc shoots a sling bullet.
The sling bullet hits you but does no damage.
The boulder beetle bites you!
* * * LOW HITPOINT WARNING * * *
The orc hits you but does no damage.
There is a stone staircase leading up here.
Okay, then.
You feel yourself speed up.
The orc shoots a sling bullet.
The sling bullet barely misses you.
The orc wizard hits you but does no damage.
The orc hits you but does no damage. The boulder beetle bites you!!
You die...
Your body crumbles into a pile of gold.

#............... * , *
..........$#.... ,
*..........#....<$ ,
#................ ,$
*#..............$. , *
##................,, *
#$.....[[......... ,
.......o$......... ,
*.......[Yo........,,,
,, .......oBo.$$....#
* #................#
........o........#
.................#,,
*......$....$.....# *+
, ..o...$..$$$......
,,,
*#.........<.>....#
+** ,
##..............#, ,*


You could see a boulder beetle, an orc priest, an orc wizard and 4 orcs.

Vanquished Creatures
  Fannar (Orc:1)
  A two-headed ogre (D:8)
  An orc high priest (Orc:2)
  Pikel (D:7)
  A cyclops (D:9)
  Maggie (D:6)
  Psyche (D:8)
  A wyvern (D:9)
  Grum (D:8)
  A warg (Orc:2)
  9 orc warriors
  2 sky beasts (D:6)
  2 black bears
  2 ogres (Orc:2)
  2 wolves (D:8)
  2 centaurs
  A lemure (D:7)
  2 kobold brigands
  2 bullfrogs
  5 scorpions
  A necrophage (D:6)
  A gnoll sergeant (D:9)
  5 howler monkeys
  3 hounds
  2 jellies (D:5)
  7 orc priests
  2 iguanas
  7 orc wizards
  7 gnolls
  5 adders
  A shadow imp (D:8)
  2 dart slugs
  43 orcs
  6 bats
  4 endoplasms
  4 giant cockroaches
  3 goblins
  3 hobgoblins (D:1)
  3 quokkas
  8 ball pythons
  3 frilled lizards
  12 kobolds
  3 rats
174 creatures vanquished.

Vanquished Creatures (others)
  An orc wizard (Orc:1)
  3 fungi (D:5)
4 creatures vanquished.

Grand Total: 178 creatures vanquished

Notes
Turn   | Place    | Note
-------+----------+-------------------------------------------
     0 | D:1      | lunkers the Meteoran Transmuter began the quest for the
                  | Orb.
     0 | D:1      | Reached XP level 1. HP: 16/16 MP: 5/5
     6 | D:1      | Noticed a redback
     7 | D:1      | Noticed a hound
     7 | D:1      | Noticed a seven-headed hydra
    77 | D:1      | Reached XP level 2. HP: 16/23 MP: 4/6
    80 | D:1      | Learned a level 2 spell: Wereblood
   281 | D:2      | Reached XP level 3. HP: 27/28 MP: 8/8
   285 | D:2      | Learned a level 3 spell: Spider Form
   415 | D:2      | Found a white marble altar of Elyvilon.
   440 | D:3      | Reached XP level 4. HP: 34/35 MP: 9/9
   593 | D:3      | Noticed a scorpion
   600 | D:3      | Killed a scorpion
   601 | D:3      | Reached skill level 5 in Unarmed Combat
   601 | D:3      | Reached XP level 5. HP: 17/40 MP: 5/10
   781 | D:4      | Reached XP level 6. HP: 45/47 MP: 8/11
   920 | D:3      | Found Cuajuta's Jewellery Shop.
   966 | D:4      | Reached skill level 5 in Transmutations
  1011 | D:4      | Found a hide-covered altar of Uskayaw.
  1176 | D:5      | Entered Level 5 of the Dungeon
  1562 | D:5      | Reached XP level 7. HP: 28/52 MP: 9/12
  1758 | D:5      | Reached XP level 8. HP: 51/59 MP: 9/13
  2253 | D:6      | Learned a level 4 spell: Ice Form
  2369 | D:6      | Found a staircase to the Ecumenical Temple.
  2378 | Temple   | Entered the Ecumenical Temple
  2430 | Temple   | Became a worshipper of Gozag Ym Sagoz the Greedy
  2491 | D:6      | Found a glowing silver altar of Zin.
  2513 | D:6      | Noticed Maggie
  2529 | D:6      | Killed Maggie
  2530 | D:6      | Gained mutation: You passively map the area around you.
                  | [Meteoran growth]
  2530 | D:6      | Reached XP level 9. HP: 27/64 MP: 10/14
  2555 | D:6      | Found a stormy altar of Qazlal.
  2717 | D:7      | Noticed Pikel
  2734 | D:7      | Killed Pikel
  2735 | D:7      | Reached skill level 10 in Unarmed Combat
  2735 | D:7      | Reached skill level 10 in Transmutations
  2763 | D:7      | Identified the ring "Teod" {rN+ Int+3 Dex+3}
  2957 | D:7      | Found a hazy altar of Hepliaklqana.
  3085 | D:7      | Reached XP level 10. HP: 64/71 MP: 12/15
  3261 | D:8      | Noticed a brown ugly thing
  3441 | D:8      | Noticed Psyche
  3453 | D:8      | Killed Psyche
  3684 | D:8      | Noticed Grum
  3699 | D:8      | Killed Grum
  4052 | D:9      | Noticed a two-headed ogre
  4117 | D:9      | Noticed a cyclops
  4129 | D:8      | Killed a two-headed ogre
  4130 | D:8      | Reached skill level 5 in Dodging
  4242 | D:9      | Killed a cyclops
  4340 | D:9      | Reached XP level 11. HP: 66/85 MP: 13/16
  4399 | D:9      | Found a staircase to the Orcish Mines.
  4613 | D:9      | Learned a level 7 spell: Storm Form
  4617 | Orc:1    | Entered Level 1 of the Orcish Mines
  4624 | Orc:1    | Noticed Fannar
  4650 | Orc:1    | Killed Fannar
  4651 | Orc:1    | Reached skill level 5 in Fighting
  4681 | Orc:2    | Entered Level 2 of the Orcish Mines
  4681 | Orc:2    | Noticed an orc high priest
  4681 | Orc:2    | Found a staircase to the Elven Halls.
  4690 | Orc:2    | Noticed a sun demon
  4691 | Orc:2    | Killed an orc high priest
  4713 | Orc:2    | Noticed a boulder beetle
  4777 | Orc:2    | Mangled by a boulder beetle

Illustrated notes

Levels and vault maps discovered:
D:1:      onia_arrival_zoo_common, layout_basic,
          shapermc_ecumenical_altar_mp_urbaneastern
D:2:      minmay_chambers_of_twos, layout_basic, basic_altar, minmay_bisected
D:3:      layout_rooms, cheibrodos_worm_habitat, serial_shops, shop
D:4:      dreamdust_elfheim, layout_basic, mainiacjoe_overflow_brackets
D:5:      old_forge, layout_loops_corners, corexii_leaking_fountain,
          minivault_25
D:6:      layout_basic, kennysheep_mini_moat, zin_treasury,
          minmay_temple_entry_glass, uniq_maggie
D:7:      layout_basic, mainiacjoe_overflow_small_starburst, uniq_pikel
D:8:      layout_basic, lightli_corner_chamber, uniq_grum, uniq_psyche
D:9:      minmay_statue_hallways, layout_rooms, david_orc_5, special_room
          [special_room_orc], uniq_maurice
Temple:   hellmonk_temple_of_storms
Orc:1:    hellmonk_paralyzer, layout_diamond_mine,
          hellmonk_ghost_happy_afterlife, uniq_fannar
Orc:2:    st_orc_town, layout_caves, nicolae_orc_damp_corner, rock_pile,
          uniq_josephine

Skill      XL: |  1  2  3  4  5  6  7  8  9 10 11 |
---------------+----------------------------------+-----
Unarmed Combat | 4 5 6 7 9 11 12 | 12.6
Transmutations | 3 4 5 7 9 10 11 12 | 12.3
Fighting       | 4 5 |  5.8
Dodging        | 5 6 |  6.7
Air Magic      | 4 |  4.4
Spellcasting   | |  2.6

Action                   |  1- 3 |  4- 6 |  7- 9 | 10-12 || total
-------------------------+-------+-------+-------+-------++-------
Melee: Unarmed           |    58 |    95 |   188 |   189 ||   530
       Kick              |     6 |       |       |       ||     6
       Headbutt          |     3 |       |       |       ||     3
       Punch             |       |     2 |     3 |       ||     5
 Cast: Beastly Appendage |    11 |       |       |       ||    11
       Spider Form       |     3 |    12 |    19 |     2 ||    36
       Wereblood         |       |     1 |       |     3 ||     4
       Ice Form          |       |       |       |    12 ||    12
Evoke: Wand              |       |       |       |     1 ||     1
  Use: Potion            |       |       |     1 |     3 ||     4
       Scroll            |       |       |       |    20 ||    20
 Stab: Sleeping          |     1 |       |       |       ||     1
       Held in net/web   |       |       |     1 |       ||     1
       Paralysed         |       |       |       |     3 ||     3
       Distracted        |       |       |       |     2 ||     2
Armor: Robe              |     5 |     8 |     4 |       ||    17
       Skin              |     1 |     3 |    14 |    48 ||    66
       Steam dragon scal |       |       |     1 |     2 ||     3
Dodge: Dodged            |    22 |    47 |   130 |    77 ||   276

Table legend: (Time is in decaauts)
 A = Elapsed time spent in this place.
 B = Non-inter-level travel time spent in this place.
 C = Inter-level travel time spent in this place.
 D = Time resting spent in this place.
 E = Time spent auto-exploring this place.
 F = Levels seen in this place.
 G = Mean time per level.
                   A        B        C        D        E       F      G
               +--------+--------+--------+--------+--------+-----+--------+
         Total |   4689 |   4463 |    226 |     11 |   2850 |  12 |  390.8 |
       Dungeon |   4474 |   4281 |    193 |     11 |   2828 |   9 |  497.1 |
        Temple |     67 |     34 |     33 |      0 |     22 |   1 |   67.0 |
  Orcish Mines |    147 |    147 |      0 |      0 |      0 |   2 |   73.5 |
               +--------+--------+--------+--------+--------+-----+--------+

Top non-repeatable levels by time:
     D:5: 1021 daAuts
     D:8: 967 daAuts
     D:9: 516 daAuts
     D:7: 436 daAuts
     D:4: 436 daAuts
     D:6: 365 daAuts
     D:3: 280 daAuts
     D:1: 231 daAuts
     D:2: 216 daAuts
   Orc:1: 96 daAuts
  Temple: 67 daAuts
   Orc:2: 50 daAuts
